AoeStats
← RensArmarium

QS Arena

503676064Analyzed
1v1 RM · 1mo ago on Sep 1, 2026· 33m 39s· 2 players
Game mode
Random Map
Map size
Tiny (2 player)
Population
200
Speed
Normal
Resources
Standard
Victory
Conquest
Starting age
Dark Age
Ending age
Imperial Age
RankedLock teamsTeams togetherTeam positionsShared explorationLock speedFull tech treeHidden civsTurbo modeCheats
Victory
Defeat
🇳🇱 Turks · Netherlands
1021
+19
🇩🇪 Celts · Germany
1080
-19
QualityLiquorice
2:42 Loom
10:14 Feudal Age
10:46 Double-Bit Axe
10:43 Horse Collar
10:56 Gold Mining
15:28 Castle Age
14:33 Forging
14:24 Scale Mail Armor
14:17 Stone Mining
17:07 Iron Casting
RensArmarium
2:36 Loom
8:33 Feudal Age
12:46 Castle Age
11:01 Double-Bit Axe
19:40 Forging
19:14 Horse Collar
21:06 Wheelbarrow
23:05 Gold Mining
23:40 Heavy Plow
24:27 Gold Shaft Mining
24:08 Bow Saw
25:29 Scale Barding Armor
26:00 Iron Casting
26:22 Hand Cart
26:33 Husbandry
26:43 Bloodlines
31:23 Imperial Age
31:27 Padded Archer Armor
Connection lost

Rejoining the realm…

Still unreachable

The connection could not be restored.

Session expired

The server has moved on; the page needs a fresh start.